 Dungeon Crawl Stone Soup version 0.23-a0-386-g9c9d49f (webtiles) character file.

254398 Garbasso the Warrior (level 19, -4/127 HPs)
             Began as a Gargoyle Earth Elementalist on Oct 28, 2018.
             Was the Champion of Vehumet.
             Slain by a deep troll shaman (10 damage)
             ... led by an ironheart preserver
             ... on level 13 of the Dungeon.
             The game lasted 05:15:15 (50151 turns).

Garbasso the Warrior (Gargoyle Earth Elementalist) Turns: 50151, Time: 05:15:16

Health: -4/127     AC: 33    Str: 12    XL:     19   Next: 75%
Magic:  27/45      EV: 18    Int: 24    God:    Vehumet [******]
Gold:   1220       SH: 16    Dex: 13    Spells: 2/45 levels left

rFire    . . .     SeeInvis .   a - +2 demon blade (flame)
rCold    . . .     Gourm    .   r - +0 shield {reflect}
rNeg     + . .     Faith    .   z - +4 troll leather armour
rPois    ∞         Spirit   .   A - +2 hat
rElec    +         Reflect  +   I - +2 cloak {rPois}
rCorr    .         Harm     .   o - +0 pair of gloves {Dex+3}
MR       ++...                  j - +2 pair of boots
Stlth    ++........             Z - +4 amulet of reflection
HPRegen  0.71/turn              O - ring of protection from magic
MPRegen  0.29/turn              i - ring of magical power

@: flying, very slightly contaminated
A: big wings, negative energy resistance 1, electricity resistance, unbreathing,
petrification resistance, rot immunity, AC +14
}: 2/15 runes: serpentine, barnacled
a: Stop Flying, Renounce Religion


You were on level 13 of the Dungeon.
You worshipped Vehumet.
Vehumet was exalted by your worship.
You were not hungry.

You visited 7 branches of the dungeon, and saw 33 of its levels.
You also visited: Sewer, Ice Cave and Volcano.

You collected 3623 gold pieces.
You spent 2403 gold pieces at shops.

Inventory:

Hand Weapons
 a - a +2 demon blade of flaming (weapon)
Armour
 j - a +2 pair of boots (worn)
 o - a +0 pair of gloves of dexterity (worn)
 r - a +0 shield of reflection (worn)
 z - a +4 troll leather armour (worn)
 A - a +2 hat (worn)
 F - a scarf of cloud immunity
 I - a +2 cloak of poison resistance (worn)
Magical Staves
 b - an uncursed staff of power
Jewellery
 i - a ring of magical power (right hand)
 l - an uncursed ring of protection from cold
 O - a ring of protection from magic (left hand)
 V - a +2 ring of protection
 Z - a +4 amulet of reflection (around neck)
Wands
 v - a wand of flame (64)
 C - a wand of iceblast (9)
 U - a wand of acid (4)
 W - a wand of digging (12)
Scrolls
 c - 7 scrolls of immolation
 e - 2 scrolls of brand weapon
 g - 17 scrolls of remove curse
 q - 2 scrolls of fog
 s - 7 scrolls of enchant weapon
 w - 2 scrolls of holy word
 x - 3 scrolls of blinking
 y - 8 scrolls of teleportation
 M - 18 scrolls of identify
 S - 7 scrolls of magic mapping
Potions
 f - 4 potions of brilliance
 h - 5 potions of might
 m - 20 potions of curing
 n - 5 potions of resistance
 p - 5 potions of haste
 t - 3 potions of heal wounds
 u - 6 potions of mutation
 B - 2 potions of cancellation
 D - 3 potions of berserk rage
 H - 3 potions of magic
 K - 3 potions of agility
 P - 4 potions of invisibility
 R - 2 potions of ambrosia
Miscellaneous
 E - a phantom mirror
Comestibles
 d - 19 rations


   Skills:
 - Level 16.4 Fighting
   Level 2.2 Maces & Flails
 - Level 5.4 Armour
 - Level 11.5 Dodging
 - Level 2.1 Stealth
 + Level 13.4 Shields
 + Level 13.7 Spellcasting
 - Level 15.3 Conjurations
 * Level 4.1 Summonings
 - Level 3.0 Translocations
   Level 1.2 Transmutations
 - Level 10.9 Fire Magic
 - Level 6.0 Ice Magic
 - Level 9.4 Earth Magic


You had 2 spell levels left.
You knew the following spells:

 Your Spells              Type           Power        Failure   Level  Hunger
a - Iron Shot             Conj/Erth      ######....   1%          6    #####..
b - Spellforged Servitor  Conj/Summ      ######....   22%         7    ######.
c - Orb of Destruction    Conj           ######....   2%          7    ######.
d - Freezing Cloud        Conj/Ice/Air   ######....   13%         6    #####..
f - Blink                 Tloc           N/A          2%          2    None
g - Sticky Flame          Conj/Fire      ######..     1%          4    None
h - Bolt of Fire          Conj/Fire      ######....   1%          6    #####..
i - Fireball              Conj/Fire      ######....   1%          5    ###....

Your spell library contained the following spells:

 Spells                   Type           Power        Failure   Level  Hunger
 Lehudib's Crystal Spear  Conj/Erth      ######....   47%         8    #######
 Glaciate                 Conj/Ice       ######....   100%        9    #######
 Shatter                  Erth           ######....   100%        9    #######
 Magic Dart               Conj           ####         0%          1    None
 Apportation              Tloc           ####..       1%          1    None
 Flame Tongue             Conj/Fire      #####        1%          1    None
 Freeze                   Ice            ####         1%          1    None
 Sandblast                Erth           ######       1%          1    None
 Summon Butterflies       Summ           #####...     1%          1    None
 Call Imp                 Summ           #####...     1%          2    None
 Passwall                 Tmut/Erth      #####...     1%          2    None
 Throw Flame              Conj/Fire      ######       1%          2    None
 Throw Frost              Conj/Ice       ######       1%          2    None
 Ensorcelled Hibernation  Hex/Ice        ####..       2%          2    None
 Shroud of Golubria       Chrm/Tloc      ###.......   4%          2    None
 Animate Skeleton         Necr           N/A          5%          1    None
 Confusing Touch          Hex            ###...       5%          1    None
 Corona                   Hex            ###....      5%          1    None
 Infusion                 Chrm           ###.         5%          1    None
 Pain                     Necr           ###.         5%          1    None
 Corpse Rot               Necr           N/A          9%          2    None
 Slow                     Hex            ###.....     9%          2    None
 Song of Slaying          Chrm           ###.....     9%          2    None
 Conjure Flame            Conj/Fire      ######..     1%          3    None
 Dazzling Spray           Conj/Hex       ######       1%          3    None
 Inner Flame              Hex/Fire       #####...     1%          3    None
 Mephitic Cloud           Conj/Pois/Air  #####...     1%          3    None
 Stone Arrow              Conj/Erth      ######       1%          3    None
 Fulminant Prism          Conj/Hex       ######....   1%          4    None
 Throw Icicle             Conj/Ice       ######..     1%          4    None
 Bolt of Magma            Conj/Fire/Erth ######....   1%          5    ###....
 Iskenderun's Battlesphe  Conj/Chrm      ######..     1%          5    ###....
 Lee's Rapid Deconstruct  Erth           ######....   1%          5    ###....
 Venom Bolt               Conj/Pois      ######....   1%          5    ###....
 Recall                   Summ/Tloc      N/A          3%          3    None
 Bolt of Cold             Conj/Ice       ######....   3%          6    #####..
 Gell's Gravitas          Tloc           ####......   4%          3    None
 Lesser Beckoning         Tloc           ####......   4%          3    None
 Ozocubu's Armour         Chrm/Ice       ####....     4%          3    None
 Petrify                  Tmut/Erth      #####...     6%          4    None
 Summon Ice Beast         Ice/Summ       #####...     7%          4    None
 Leda's Liquefaction      Hex/Erth       #####.....   9%          4    None
 Ice Form                 Ice/Tmut       ####....     13%         4    None
 Confuse                  Hex            ###.....     17%         3    None
 Regeneration             Chrm/Necr      ###.......   17%         3    None
 Spectral Weapon          Hex/Chrm       ###.....     17%         3    None
 Tukima's Dance           Hex            ###.....     17%         3    None
 Vampiric Draining        Necr           ###.......   17%         3    None
 Ozocubu's Refrigeration  Ice            #####.....   19%         6    #####..
 Borgnjor's Vile Clutch   Necr/Erth      #####.....   22%         5    ###....
 Aura of Abjuration       Summ           #####.....   28%         5    ###....
 Summon Demon             Summ           #####.....   28%         5    ###....
 Yara's Violent Unravell  Hex/Tmut       ###.......   30%         5    ###....
 Summon Forest            Summ/Tloc      ####......   34%         5    ###....
 Metabolic Englaciation   Hex/Ice        ####......   41%         5    ###....
 Animate Dead             Necr           N/A          50%         4    None
 Summon Mana Viper        Hex/Summ       ####....     54%         5    ###....
 Alistair's Intoxication  Tmut/Pois      ###.....     77%         5    ###....
 Silence                  Hex/Air        ###.......   83%         5    ###....
 Shadow Creatures         Summ           N/A          83%         6    #####..
 Simulacrum               Ice/Necr       ####......   94%         6    #####..
 Hydra Form               Tmut           ###.......   99%         6    #####..
 Ring of Flames           Chrm/Fire      #####.....   99%         7    ######.
 Darkness                 Hex            ###.......   100%        6    #####..
 Invisibility             Hex            ###.....     100%        6    #####..
 Summon Hydra             Summ           #####.....   100%        7    ######.


Dungeon Overview and Level Annotations

Branches:
Dungeon (15/15)            Temple (1/1) D:5            Lair (6/6) D:8
 Shoals (4/4) Lair:4        Snake (4/4) Lair:2        Slime (0/5) Lair:6
    Orc (2/2) D:9             Elf (0/3) Orc:2        Vaults (1/5) D:13
 Depths (0/5) D:15

Altars:
Ashenzari
Cheibriados
Dithmenos
Elyvilon
Fedhas
Gozag
Hepliaklqana
Kikubaaqudgha
Makhleb
Nemelex Xobeh
Okawaru
Qazlal
Ru
Sif Muna
Trog
Uskayaw
Vehumet
Wu Jian
Xom
Yredelemnul
Zin
The Shining One

Shops:
D:5 [*:   D:7 [   D:9 !((   Orc:2 !(*(   Shoals:1 %(*[   Shoals:4 !   Snake:1 *
Snake:3 %   Snake:4 [

Annotations:
Lair:1 exclusion: oklob plant
Lair:6 1 runed door, Ratty's ghost, journeyman DENe
Orc:1 1 runed door, EvilAshe's ghost, journeyman TrFi


Innate Abilities, Weirdness & Mutations

You are resistant to torment.
Your stone body is resilient. (AC +14)
You are immune to poison.
Your large and strong wings let you fly indefinitely.
You resist negative energy. (rN+)
You are resistant to electric shocks. (rElec)
You can survive without breathing.
You are immune to petrification.
You are immune to rotting.


Message History

The deep troll shaman is heavily wounded.
The deep troll shaman claws you. The deep troll shaman claws you!!
The deep troll shaman bites you!
* * * LOW HITPOINT WARNING * * *
The deep troll shaman claws you but does no damage.
The deep troll shaman claws you.
* * * LOW HITPOINT WARNING * * *
The deep troll shaman misses you. The deep troll shaman claws you!
* * * LOW HITPOINT WARNING * * *
The deep troll shaman misses you.
Casting: Blink (safe; 2% risk of failure)
Confirm with . or Enter, or press ? or * to list all spells.
You blink.
The deep troll shaman burns! x2; The ironheart preserver burns!
The deep troll shaman burns!
You block the deep troll shaman's attack.
The deep troll shaman completely misses you.
The deep troll shaman claws you!
* * * LOW HITPOINT WARNING * * *
The deep troll shaman bites you!
You die...

...>.............[....#..###
...........................#
.............##.......##...#
....######..####.....####..#
....#......## ##...## ##.#
....#......## ###'### ##)#
....#.>.....####.[[[.####.)#
....#........##.#T..#.##..)#
....#.........#.@T....#....#
....#.........+..p§..(+....#
....####'#....#...T...#....###
.............##.#...#.##.....#
...<......(.####.(...####....#
..........(## ###+### ##...#
..........(## ##./.## ##...#
..........(.####.....####....#
..........(..##.......##.....#


You could see an ironheart preserver (burning) and 3 deep troll shamans.

Vanquished Creatures
  Vashnia (Snake:2)
  Nikola (Snake:3)
  Rupert (Lair:6)
  A kraken (Shoals:1)
  Agnes (Snake:4)
  Kirke (Lair:5)
  5 nagarajas
  2 frost giants
  Louise (Snake:2)
  A vault warden (D:13)
  The ghost of CLM the Fighter, a journeyman DrTm of Wu Jian (Orc:2)
  An ironheart preserver (D:13)
  Azrael (D:12)
  A dire elephant (Lair:6)
  4 merfolk javelineers (Shoals:4)
  9 merfolk impalers
  5 vault guards
  Josephine (D:11)
  The ghost of Kufareon the Nimble, a journeyman OpFi of Cheibriados (Lair:3)
  A rakshasa (D:15)
  3 hydras
  19 naga warriors
  2 anacondas
  A centaur warrior (D:9)
  5 merfolk avatars
  3 merfolk aquamancers
  3 catoblepae
  2 satyrs
  6 two-headed ogres
  A deep troll shaman (Lair:6)
  12 death yaks
  A queen ant (D:10)
  5 orc high priests (Orc:2)
  20 naga sharpshooters
  8 shock serpents
  A sun demon (Volcano)
  A deep elf knight (D:13)
  A hell knight (Volcano)
  Sonja (D:12)
  4 skeletal warriors (D:11)
  2 fire crabs (Lair:6)
  7 unseen horrors (D:15)
  2 salamander mystics
  22 sea snakes
  Pikel (D:7)
  An obsidian statue (Volcano)
  4 naga ritualists
  An orange crystal statue (D:14)
  9 orc knights (Orc:2)
  An ironbrand convoker (D:13)
  18 harpies
  An orc sorcerer (Orc:2)
  22 ugly things
  7 mana vipers
  6 fauns
  3 deep elf magi
  6 cyclopes
  3 elephants (Lair:6)
  5 salamanders
  13 manticores
  4 guardian serpents
  Maurice (D:8)
  5 water nymphs
  A guardian serpent (shapeshifter) (D:14)
  25 naga magi
  An ice statue (IceCv)
  A vault sentinel (Vaults:1)
  24 black mambas
  10 merfolk sirens
  12 spiny frogs
  Joseph (D:8)
  2 centaur skeletons
  2 torpor snails
  2 gargoyles (D:13)
  3 rime drakes
  A kobold demonologist (D:14)
  2 efreet (D:13)
  5 komodo dragons
  A tormentor (Snake:3)
  A red devil (Volcano)
  4 trolls
  14 polar bears
  A hornet (D:13)
  Prince Ribbit (D:7)
  29 merfolk
  A harpy skeleton (D:12)
  6 snapping turtles
  21 blink frogs
  4 wind drakes
  10 slime creatures
  14 hippogriffs
  27 dream sheep
  A centaur simulacrum (D:10)
  Sigmund (D:5)
  A wyvern (Lair:6)
  A shadow (D:13)
  A human (D:7)
  5 wraiths
  4 fire elementals (D:12)
  4 hogs
  11 water elementals
  45 yaks
  5 fire bats (Volcano)
  4 basilisks
  A redback simulacrum (D:15)
  A hungry ghost (D:13)
  3 vampire mosquitoes (D:13)
  Edmund (D:5)
  2 acid dragons
  6 wargs
  20 soldier ants (D:10)
  65 nagas
  4 hell hounds (D:12)
  22 water moccasins
  Duvessa (D:5)
  3 black bears
  An eye of draining (shapeshifter) (D:15)
  28 orc warriors
  7 porcupines
  5 ice beasts
  2 phantoms
  4 sky beasts
  8 ogres
  4 boggarts (D:15)
  9 centaurs
  23 wolves
  18 crocodiles
  7 big kobolds
  Blork the orc (D:6)
  14 bullfrogs
  Dowan (D:5)
  A wyvern skeleton (D:12)
  2 water moccasin skeletons
  2 scorpions
  14 killer bees
  14 wights
  2 electric eels (Lair:1)
  A howler monkey (D:2)
  12 crimson imps
  5 lava snakes (Volcano)
  A bullfrog zombie (D:6)
  19 jellies
  22 orc priests
  4 bullfrog skeletons
  3 hounds
  Natasha (thrice) (D:4)
  5 iguanas
  26 worker ants
  18 orc wizards
  A mummy (D:8)
  Robin (D:2)
  3 worker ant zombies
  10 gnolls
  17 adders
  3 river rats
  6 shadow imps
  3 oozes
  An adder zombie (D:5)
  8 worms
  3 dart slugs
  3 leopard geckos
  66 orcs
  4 ball pythons
  A giant cockroach (shapeshifter) (D:15)
  5 giant cockroaches
  15 goblins
  7 hobgoblins
  12 jackals
  24 kobolds
  2 quokkas
  8 bats
  4 frilled lizards
  A jackal skeleton (D:5)
  2 quokka skeletons
  11 rats
  A butterfly (Lair:4)
  2 fungi (Lair:6)
  9 plants
  2 tentacles (Shoals:1)
1242 creatures vanquished.

Vanquished Creatures (collateral kills)
  A worker ant (D:10)
1 creature vanquished.

Vanquished Creatures (others)
  2 naga sharpshooters
  A cyclops (Shoals:4)
  A faun (Shoals:2)
  A naga mage (Snake:4)
  3 merfolk (Shoals:4)
  A naga (Snake:3)
  An eye of draining (D:12)
  A fire vortex (Orc:2)
  18 fungi
  35 plants
  6 tentacles (Shoals:1)
  2 withered plants (Orc:1)
72 creatures vanquished.

Grand Total: 1315 creatures vanquished

Notes
Turn   | Place    | Note
-------+----------+-------------------------------------------
     0 | D:1      | Garbasso the Gargoyle Earth Elementalist began the quest
                  | for the Orb.
     0 | D:1      | Reached XP level 1. HP: 10/10 MP: 3/3
   239 | D:1      | Reached XP level 2. HP: 15/15 MP: 1/5
   730 | D:1      | Reached XP level 3. HP: 19/19 MP: 6/6
   743 | D:1      | Learned a level 3 spell: Stone Arrow
   907 | D:2      | Found a hide-covered altar of Uskayaw.
   977 | D:2      | Reached skill level 1 in Conjurations
   977 | D:2      | Reached skill level 5 in Earth Magic
   977 | D:2      | Reached XP level 4. HP: 24/24 MP: 0/8
  1568 | D:2      | Reached XP level 5. HP: 21/28 MP: 0/9
  2172 | D:2      | Found a faded altar of an unknown god.
  2243 | D:3      | Learned a level 5 spell: Lee's Rapid Deconstruction
  2473 | D:3      | Reached XP level 6. HP: 32/32 MP: 8/10
  2489 | D:3      | Noticed Robin
  2628 | D:2      | Killed Robin
  3792 | D:4      | Noticed Natasha
  4093 | D:4      | Found Petwot's Weapon Emporium.
  4198 | D:4      | Killed Natasha
  4198 | D:4      | Noticed Natasha
  4373 | D:4      | Killed Natasha
  4373 | D:4      | Reached XP level 7. HP: 36/36 MP: 3/12
  4413 | D:4      | Noticed Natasha
  4419 | D:4      | Killed Natasha
  4715 | D:5      | Entered Level 5 of the Dungeon
  4732 | D:5      | Found a staircase to the Ecumenical Temple.
  4752 | Temple   | Entered the Ecumenical Temple
  4943 | Temple   | Became a worshipper of Vehumet
  4978 | D:5      | Found a glowing drain.
  5042 | Sewer    | Entered a sewer
  5285 | Sewer    | Reached skill level 1 in Fighting
  5515 | Sewer    | Reached skill level 2 in Fighting
  5515 | Sewer    | Reached XP level 8. HP: 44/44 MP: 1/14
  5812 | Sewer    | Reached * piety under Vehumet
  5812 | Sewer    | Offered knowledge of Freeze by Vehumet.
  5923 | D:5      | Noticed Dowan
  5924 | D:5      | Noticed Duvessa
  5930 | D:5      | Killed Dowan
  5942 | D:5      | HP: 1/44 [Duvessa/+0 short sword (4)]
  6044 | D:5      | Found Maunaodug's Book Boutique.
  6075 | D:5      | Noticed Sigmund
  6105 | D:5      | Killed Sigmund
  6169 | D:5      | Reached skill level 3 in Fighting
  6236 | D:5      | Killed Duvessa
  6312 | D:5      | Reached skill level 5 in Spellcasting
  6312 | D:5      | Reached skill level 5 in Conjurations
  6366 | D:5      | Found Yskahoz's Antique Armour Shop.
  6369 | D:5      | Bought a sheer robe for 165 gold pieces
  6379 | D:5      | Identified the +2 robe of Idealism {rN+ MR- Int+3} (You
                  | bought it in a shop on level 5 of the Dungeon)
  6447 | D:5      | Found a deep blue altar of Sif Muna.
  6633 | D:5      | Found Soxicej's Assorted Antiques.
  6637 | D:5      | Bought a scroll of identify for 44 gold pieces
  6643 | D:5      | Noticed Edmund
  6644 | D:5      | Reached skill level 6 in Fighting
  6644 | D:5      | Reached XP level 9. HP: 56/56 MP: 13/19
  6648 | D:5      | Killed Edmund
  6648 | D:5      | Reached XP level 10. HP: 61/61 MP: 6/20
  6974 | D:6      | Found an ornate altar of the Wu Jian Council.
  7168 | D:6      | Found a hazy altar of Hepliaklqana.
  7324 | D:6      | Found a faded altar of an unknown god.
  7324 | D:6      | Found a shadowy altar of Dithmenos.
  7330 | D:6      | Found a faded altar of an unknown god.
  7332 | D:6      | Found a sacrificial altar of Ru.
  7334 | D:6      | Found an iron altar of Okawaru.
  7353 | D:6      | Noticed Blork the orc
  7357 | D:6      | Killed Blork the orc
  7518 | D:6      | Reached ** piety under Vehumet
  7518 | D:6      | Offered knowledge of Shock by Vehumet.
  7855 | D:7      | Reached skill level 7 in Fighting
  7933 | D:7      | Found a burning altar of Makhleb.
  8030 | D:7      | Found Micwuem's Antique Armour Boutique.
  8066 | D:7      | Noticed Pikel
  8072 | D:7      | Killed Pikel
  8570 | D:7      | Noticed Prince Ribbit
  8582 | D:7      | Killed Prince Ribbit
  8603 | D:7      | Learned a level 4 spell: Petrify
  9013 | D:8      | Noticed Maurice
  9019 | D:8      | Killed Maurice
  9019 | D:8      | Reached skill level 8 in Fighting
  9144 | D:8      | Found a staircase to the Lair.
  9641 | D:8      | Found a snail-covered altar of Cheibriados.
  9765 | D:8      | Noticed Joseph
  9777 | D:8      | Killed Joseph
  9777 | D:8      | Reached XP level 11. HP: 55/68 MP: 0/21
 10008 | D:9      | Found Tigaops's Antique Weapon Shoppe.
 10107 | D:9      | Offered knowledge of Throw Flame by Vehumet.
 10259 | D:9      | Found Cariakergh's Weapon Boutique.
 10306 | D:9      | Found a staircase to the Orcish Mines.
 10314 | D:9      | Reached *** piety under Vehumet
 10352 | D:9      | Reached skill level 1 in Maces & Flails
 10474 | D:9      | Learned a level 3 spell: Mephitic Cloud
 10477 | D:9      | Learned a level 2 spell: Blink
 10499 | D:9      | Noticed a centaur warrior
 10511 | D:9      | Killed a centaur warrior
 10511 | D:9      | Reached skill level 1 in Transmutations
 10589 | D:9      | Found Viel's Distillery.
 10597 | D:9      | Bought a potion of heal wounds for 70 gold pieces
 10597 | D:9      | Bought a potion of curing for 42 gold pieces
 10803 | D:9      | Noticed a deep elf mage
 10807 | D:9      | Killed a deep elf mage
 10864 | D:10     | Entered Level 10 of the Dungeon
 10879 | D:10     | Reached skill level 1 in Translocations
 11148 | Lair:1   | Entered Level 1 of the Lair of Beasts
 11179 | Lair:1   | Noticed an oklob plant
 11294 | Lair:1   | Reached skill level 1 in Armour
 11294 | Lair:1   | Reached skill level 1 in Shields
 11297 | Lair:1   | Offered knowledge of Sticky Flame by Vehumet.
 11301 | Lair:1   | Reached skill level 9 in Fighting
 11307 | Lair:1   | Learned a level 4 spell: Sticky Flame
 12417 | Lair:1   | Reached XP level 12. HP: 76/76 MP: 3/23
 12939 | Lair:2   | Found an opulent altar of Gozag.
 12970 | Lair:2   | Reached **** piety under Vehumet
 13054 | Lair:2   | Found a staircase to the Snake Pit.
 13351 | Lair:2   | Offered knowledge of Lightning Bolt by Vehumet.
 13781 | Lair:3   | Reached skill level 10 in Fighting
 13788 | Lair:3   | Identified the Almanac of the Volcanoes and the Frostbite
 13891 | Lair:3   | Reached skill level 1 in Fire Magic
 13954 | Lair:2   | Reached skill level 5 in Armour
 14582 | Lair:3   | Found a large runed door.
 14582 | Lair:3   | Found a large runed door.
 14715 | Lair:3   | Noticed Kufareon's ghost (journeyman OpFi)
 14727 | Lair:3   | Killed Kufareon's ghost
 15100 | Lair:4   | Found a dark tunnel.
 15106 | Volcano  | Entered a volcano
 15384 | Volcano  | Noticed a hell knight
 15395 | Volcano  | Reached skill level 5 in Fire Magic
 15399 | Volcano  | Killed a hell knight
 15399 | Volcano  | Reached XP level 13. HP: 83/83 MP: 11/25
 15400 | Volcano  | Found a bloodstained altar of Trog.
 15895 | Lair:4   | Reached ***** piety under Vehumet
 15944 | Lair:4   | Offered knowledge of Ozocubu's Refrigeration by Vehumet.
 16112 | Lair:4   | Learned a level 6 spell: Bolt of Fire
 16241 | Lair:4   | Reached skill level 11 in Fighting
 16364 | Lair:4   | Found a staircase to the Shoals.
 17297 | Lair:5   | Noticed Kirke
 17612 | Lair:5   | Killed Kirke
 18001 | Lair:6   | Entered Level 6 of the Lair of Beasts
 18001 | Lair:6   | Noticed Rupert
 18189 | Lair:6   | Offered knowledge of Bolt of Cold by Vehumet.
 18588 | Lair:6   | Gained mutation: Your large and strong wings let you fly
                  | indefinitely. [Gargoyle growth]
 18588 | Lair:6   | Reached XP level 14. HP: 91/91 MP: 2/27
 18786 | Lair:6   | Reached skill level 10 in Conjurations
 18789 | Lair:6   | Found a staircase to the Slime Pits.
 19123 | Lair:6   | Killed Rupert
 19599 | Lair:6   | Reached skill level 12 in Fighting
 19927 | Lair:6   | Reached skill level 10 in Spellcasting
 20072 | Lair:6   | Found a runed door.
 20075 | Lair:6   | Noticed Ratty's ghost (journeyman DENe)
 20078 | Lair:6   | Found a shimmering altar of Xom.
 20108 | Lair:6   | Offered knowledge of Fireball by Vehumet.
 20116 | Lair:6   | Learned a level 5 spell: Fireball
 20322 | Lair:6   | Noticed a dire elephant
 20331 | Lair:6   | Killed a dire elephant
 20912 | Orc:1    | Entered Level 1 of the Orcish Mines
 21268 | Orc:1    | Found a runed door.
 21270 | Orc:1    | Noticed EvilAshe's ghost (journeyman TrFi)
 21426 | Orc:2    | Entered Level 2 of the Orcish Mines
 21444 | Orc:2    | Found a staircase to the Elven Halls.
 21538 | Orc:2    | Reached skill level 10 in Fire Magic
 22680 | Orc:2    | Reached XP level 15. HP: 97/97 MP: 7/29
 23229 | Orc:2    | Reached skill level 10 in Dodging
 23531 | Orc:2    | Offered knowledge of Yara's Violent Unravelling by Vehumet.
 23599 | Orc:2    | Found Duneclixt's Antique Weapon Boutique.
 23602 | Orc:2    | Found Gafudali's Weapon Boutique.
 23603 | Orc:2    | Found Diteam's Distillery.
 23604 | Orc:2    | Found Zumeoliwy's Assorted Antiques.
 23607 | Orc:2    | Bought a potion of heal wounds for 80 gold pieces
 23607 | Orc:2    | Bought a potion of curing for 48 gold pieces
 23607 | Orc:2    | Bought a potion of curing for 48 gold pieces
 23607 | Orc:2    | Bought a potion of curing for 48 gold pieces
 23610 | Orc:2    | Bought a scroll of teleportation for 75 gold pieces
 23610 | Orc:2    | Bought a scroll labeled FOTHROH NIM for 25 gold pieces
 23676 | Orc:2    | Noticed CLM's ghost (journeyman DrTm)
 23677 | Orc:2    | Found a runed gate.
 23677 | Orc:2    | Found a runed gate.
 23677 | Orc:2    | Found a runed gate.
 24049 | Orc:2    | Killed CLM's ghost
 25017 | D:10     | Learned a level 6 spell: Freezing Cloud
 25938 | D:11     | Reached skill level 1 in Ice Magic
 25939 | D:11     | Noticed Josephine
 25947 | D:11     | Killed Josephine
 26121 | D:11     | Offered knowledge of Iron Shot by Vehumet.
 26133 | D:11     | Learned a level 6 spell: Iron Shot
 26415 | D:11     | Reached skill level 13 in Fighting
 26660 | D:12     | Found a frozen archway.
 26670 | IceCv    | Entered an ice cave
 27614 | IceCv    | Noticed a frost giant
 27621 | IceCv    | Killed a frost giant
 28124 | D:12     | Reached ****** piety under Vehumet
 28234 | D:12     | Noticed Sonja
 28236 | D:12     | Killed Sonja
 28378 | D:12     | Offered knowledge of Poison Arrow by Vehumet.
 28479 | D:12     | Noticed Azrael
 28511 | D:12     | Killed Azrael
 28799 | D:12     | Reached XP level 16. HP: 104/104 MP: 20/31
 29651 | D:13     | Found a gate to the Vaults.
 30102 | D:13     | Reached skill level 5 in Ice Magic
 31666 | D:15     | Entered Level 15 of the Dungeon
 33190 | D:15     | Reached skill level 14 in Fighting
 33329 | D:15     | Offered knowledge of Conjure Ball Lightning by Vehumet.
 34796 | D:15     | Found a staircase to the Depths.
 35029 | Snake:1  | Entered Level 1 of the Snake Pit
 35533 | Snake:1  | Found Zueko's Assorted Antiques.
 35538 | Snake:1  | Bought a scroll of blinking for 255 gold pieces
 36135 | Snake:2  | Reached XP level 17. HP: 112/112 MP: 9/32
 36561 | Snake:2  | Found a snail-covered altar of Cheibriados.
 36683 | Snake:2  | Noticed Vashnia
 36695 | Snake:2  | Reached skill level 5 in Shields
 36702 | Snake:2  | HP: 2/112 [Vashnia/bolt (10)]
 36939 | Shoals:1 | Entered Level 1 of the Shoals
 37336 | Shoals:1 | Found Makhlecs's Assorted Antiques.
 37347 | Shoals:1 | Bought an agate ring for 135 gold pieces
 37715 | Shoals:1 | Found Zagu's Weapon Boutique.
 37817 | Shoals:1 | Offered knowledge of Lehudib's Crystal Spear by Vehumet.
 37817 | Shoals:1 | Offered knowledge of Glaciate by Vehumet.
 37817 | Shoals:1 | Offered knowledge of Shatter by Vehumet.
 37867 | Shoals:1 | Found Nanoch's Food Shop.
 38070 | Shoals:1 | Bought a ration for 65 gold pieces
 38070 | Shoals:1 | Bought a ration for 65 gold pieces
 38070 | Shoals:1 | Bought a ration for 65 gold pieces
 38098 | Shoals:1 | Noticed a kraken
 38115 | Shoals:1 | Killed a kraken
 38420 | Shoals:1 | Learned a level 7 spell: Orb of Destruction
 38422 | Shoals:1 | Found Satsap's Armour Emporium.
 39576 | Shoals:2 | Reached skill level 15 in Fighting
 39719 | Shoals:2 | Identified the +1 leather armour "Ivoga" {rN+} (You found
                  | it on level 2 of the Shoals)
 40527 | Shoals:3 | Identified the cursed +0 ring mail of Faudwened {rPois
                  | Str+5 Dex+4} (You found it on level 3 of the Shoals)
 41412 | Shoals:4 | Entered Level 4 of the Shoals
 41487 | Shoals:3 | Reached XP level 18. HP: 119/119 MP: 21/34
 42193 | Shoals:4 | Reached skill level 10 in Shields
 43118 | Shoals:4 | Identified the Volume of Destructive Hexes
 43207 | Shoals:4 | Found Retaqi's Distillery.
 43217 | Shoals:4 | Bought a potion of heal wounds for 50 gold pieces
 43217 | Shoals:4 | Bought a potion of curing for 30 gold pieces
 44073 | Shoals:4 | Got a barnacled rune of Zot
 44517 | Snake:2  | Killed Vashnia
 44775 | Snake:2  | Noticed Louise
 44790 | Snake:2  | Killed Louise
 45206 | Snake:3  | Reached skill level 16 in Fighting
 45824 | Snake:3  | Reached skill level 15 in Conjurations
 45825 | Snake:3  | Reached XP level 19. HP: 125/125 MP: 22/36
 46246 | Snake:3  | Noticed Nikola
 46284 | Snake:3  | Killed Nikola
 46595 | Snake:3  | Found Roemoss's Food Shoppe.
 46603 | Snake:3  | Bought a ration for 65 gold pieces
 46603 | Snake:3  | Bought a ration for 65 gold pieces
 46603 | Snake:3  | Bought a ration for 65 gold pieces
 46603 | Snake:3  | Bought a ration for 65 gold pieces
 46603 | Snake:3  | Bought a ration for 65 gold pieces
 46603 | Snake:3  | Bought a ration for 65 gold pieces
 46603 | Snake:3  | Bought a ration for 65 gold pieces
 46603 | Snake:3  | Bought a ration for 65 gold pieces
 46943 | Snake:4  | Entered Level 4 of the Snake Pit
 47626 | Snake:4  | Found Foeh's Antique Armour Shop.
 47993 | Snake:4  | Bought a pair of runed boots for 277 gold pieces
 48535 | Snake:4  | Bought an embroidered scarf for 296 gold pieces
 48780 | Snake:4  | Learned a level 7 spell: Spellforged Servitor
 48802 | Snake:4  | Reached skill level 1 in Summonings
 48810 | Snake:4  | Noticed Agnes
 48819 | Snake:4  | Killed Agnes
 49564 | Snake:4  | Got a serpentine rune of Zot
 49893 | Vaults:1 | Entered Level 1 of the Vaults
 50151 | D:13     | HP: 6/127 [deep troll shaman[an ironheart preserver] (9)]
 50151 | D:13     | Slain by a deep troll shaman

Vault maps used:
D:1:      nicolae_arrival_washed_ashore
D:2:      nicolae_overflow_crystal_walls, chequers_ecumenical_altar_simple
D:3:      first_ration, fountainhead, bh_walls_and_bars, uniq_robin
D:4:      serial_shops, nicolae_shop_waterfront, uniq_natasha
D:5:      led_sif_book, minmay_temple_entry_glass,
          cheibrodos_sewer_entry_sluice, serial_shops, shop,
          nicolae_shop_behind_doors, nicolae_shop_stone, uniq_duvessa,
          uniq_edmund, uniq_sigmund
D:6:      lemuel_coloured_pillars_altar, chequers_temple_overflow_minitemple,
          old_standard_altar, uniq_blork_the_orc
D:7:      old_standard_altar, serial_co_window_serial, co_window_corner_a,
          co_window_paths_a, co_window_paths_b, co_window_paths_a,
          co_window_paths_b, co_window_broadway_c, co_window_of_opportunity_c,
          co_window_corner_b, co_window_unsneaky_path_d, co_window_corner_b,
          serial_shops, nicolae_shop_trees, grunt_livestock,
          uniq_prince_ribbit1, uniq_pikel
D:8:      slow_altar_1, david_lair_shrubbed, hex_medium,
          nicolae_underground_beach, uniq_joseph, uniq_maurice
D:9:      minmay_orc_entry_guard_dogs, serial_shops, shop, nicolae_shop_trees,
          nicolae_shop_statue_plus, guppyfry_early_elven_hall
D:10:     minivault_29
D:11:     uniq_josephine
D:12:     portal_ice_cave_entry_pillars_2, spider_trap, uniq_azrael, uniq_sonja
D:13:     lightli_vaults_fourway_checkpoint
D:14:     dk_noncrumbling_2, minmay_protected_statue
D:15:     gammafunk_enter_depths_forms, nrook_uturn, due_unseen_surprise
Temple:   nicolae_temple_figure_eight
Lair:1:   minmay_lair_oklob_chamber, lemuel_fruit_tree, lemuel_fruit_fields,
          serial_bayou_shore_b, infiniplex_staircase_pool
Lair:2:   minmay_snake_entry_six_corridors, basic_altar
Lair:3:   ebering_ghost_disaster_area, grunt_megastairs_3, lemuel_fruit_fields
Lair:4:   minmay_shoals_entry_centaurs, enter_volcano_2,
          cheibrodos_lair_caveside_slide, chequers_serial_rivers_micro_c,
          grunt_forest_small_clearing_treed
Lair:5:   uniq_kirke
Lair:6:   grunt_lair_end_beastmaster, minmay_slime_entry_jelly_boxes,
          ebering_ghost_xom, serial_forest, infiniplex_forest_lined_4_way,
          infiniplex_forest_clump_medium, infiniplex_forest_lined_3_way,
          infiniplex_forest_straight_3, infiniplex_forest_lined_3,
          infiniplex_forest_straight_4, infiniplex_forest_diagonal,
          lemuel_fruit_fields, uniq_rupert
Shoals:1: serial_shops, shop, shop, shop, shop, argonaut_gorgonesque
Shoals:2: nicolae_shoals_arrival_archipelago
Shoals:4: shoals_end_grunt_ice, serial_shops, shop,
          nicolae_shoals_circle_sea_wall
Snake:1:  serial_shops, shop
Snake:2:  basic_altar, nicolae_snake_single_loop, uniq_louise, uniq_nikola,
          uniq_vashnia
Snake:3:  serial_shops, shop, hangedman_snake_corridor_split
Snake:4:  snake_pit, serial_shops, nicolae_shop_competitors_out_of_business,
          st_stairs_8, fake_guardian_serpent_vault, uniq_agnes
Orc:1:    basic_altar, gammafunk_ghost_grave, uniq_urug, uniq_erolcha
Orc:2:    st_orc_pillars, gammafunk_ghost_split
Vaults:1: nicolae_vaults_alarming, v_misc_33, vaults_room_grid,
          hangedman_vaults_stream, ontoclasm_vaults_shout,
          hangedman_vaults_cutoff, nicolae_vaults_asterisk, vaults_dpeg_spiral,
          nicolae_vaults_little_squares_4, nicolae_vaults_theta,
          nicolae_vaults_border_crossing, ontoclasm_vaults_eye,
          vaults_room_semicircle, vaults_room_semicircle, basic_altar
Sewer:    sewer_co_tree
IceCv:    ice_cave_caverns_01
Volcano:  volcano_grotto

Skill      XL: |  1  2  3  4  5  6  7  8  9 10 11 12 13 14 15 16 17 18 19 |
---------------+----------------------------------------------------------+-----
Earth Magic    | 4 5 6 7 8 9 |  9.4
Conjurations   | 1 2 3 4 7 8 9 10 11 13 14 15 | 15.3
Spellcasting   | 3 4 7 8 9 10 11 12 13 | 13.7
Fighting       | 2 6 8 9 10 11 12 13 14 15 16 | 16.4
Dodging        | 6 8 9 10 11 | 11.5
Maces & Flails | 2 |  2.2
Transmutations | 1 |  1.2
Translocations | 3 |  3.0
Armour         | 3 5 |  5.4
Shields        | 4 9 12 13 | 13.4
Fire Magic     | 5 8 10 | 10.9
Ice Magic      | 3 6 |  6.0
Summonings     | 4 |  4.1
Stealth        | |  2.1

Action                   |  1- 3 |  4- 6 |  7- 9 | 10-12 | 13-15 | 16-18 | 19-21 || total
-------------------------+-------+-------+-------+-------+-------+-------+-------++-------
Melee: Unarmed           |     7 |       |       |       |       |       |       ||     7
       Club              |     4 |       |       |       |       |       |       ||     4
       Spear             |    20 |       |       |       |       |       |       ||    20
       Dagger            |       |   155 |    55 |    17 |       |       |       ||   227
       Whip              |       |       |       |    71 |    73 |       |       ||   144
       Demon blade       |       |       |       |       |   431 |   378 |    33 ||   842
       Staff             |       |       |       |       |       |     1 |    18 ||    19
 Cast: Sandblast         |    30 |    61 |    68 |   222 |   178 |       |       ||   559
       Stone Arrow       |     2 |    32 |    18 |    94 |   242 |   245 |   109 ||   742
       Lee's Rapid Decon |       |     3 |     6 |    56 |    22 |       |       ||    87
       Petrify           |       |       |       |     7 |     1 |       |       ||     8
       Sticky Flame      |       |       |       |     5 |    39 |    77 |    31 ||   152
       Blink             |       |       |       |     5 |    10 |    14 |     3 ||    32
       Mephitic Cloud    |       |       |       |     1 |    34 |     1 |       ||    36
       Bolt of Fire      |       |       |       |       |   138 |   113 |    25 ||   276
       Fireball          |       |       |       |       |    13 |    59 |     5 ||    77
       Iron Shot         |       |       |       |       |    11 |   146 |    69 ||   226
       Freezing Cloud    |       |       |       |       |     1 |    41 |    24 ||    66
       Orb of Destructio |       |       |       |       |       |    33 |    13 ||    46
 Abil: Fly               |       |       |       |       |     1 |       |       ||     1
Evoke: Wand              |       |       |       |     6 |     7 |     5 |       ||    18
  Use: Scroll            |       |       |    15 |    14 |    17 |    11 |     4 ||    61
       Potion            |       |       |     3 |       |     3 |     6 |       ||    12
 Stab: Sleeping          |       |     2 |       |       |       |       |       ||     2
       Distracted        |       |     1 |       |       |       |       |     1 ||     2
       Confused          |       |       |       |       |     9 |     1 |       ||    10
  Eat: Chunk             |     1 |    15 |     7 |    28 |    66 |    83 |     3 ||   203
       Ration            |       |       |     2 |     4 |     9 |    21 |    13 ||    49
Armor: Robe              |    17 |    57 |    19 |    54 |       |       |       ||   147
       Troll leather arm |       |       |       |    51 |   385 |   428 |    91 ||   955
Dodge: Dodged            |    30 |    86 |    59 |   191 |   538 |   510 |   120 ||  1534
Block: Buckler           |       |       |       |    22 |   146 |   325 |    19 ||   512
       Reflection        |       |       |       |       |       |    60 |    71 ||   131
       Shield            |       |       |       |       |       |       |   187 ||   187
       Rpst.: Demon blade |       |       |       |       |   129 |   104 |     5 ||   238

Table legend:
 A = Non-vault XP
 B = Vault XP
 C = Vault XP percentage of total XP
 D = Non-vault monster count
 E = Vault monster count
 F = Vault count percentage of total count
                 A         B        C        D         E       F
            +---------+---------+-------+---------+---------+-------
      Total |  228182 |  148052 |  39.4 |     806 |     431 |  34.8
            +---------+---------+-------+---------+---------+-------
        D:1 |      54 |       0 |   0.0 |      23 |       0 |   0.0
        D:2 |     170 |      20 |  10.5 |      25 |       4 |  13.8
        D:3 |     189 |      11 |   5.5 |      35 |       6 |  14.6
        D:4 |     174 |      36 |  17.1 |      13 |       1 |   7.1
        D:5 |     570 |     709 |  55.4 |      13 |      10 |  43.5
        D:6 |     465 |      99 |  17.6 |      12 |       1 |   7.7
        D:7 |     509 |    2012 |  79.8 |      14 |       7 |  33.3
        D:8 |     620 |    1268 |  67.2 |      12 |       4 |  25.0
        D:9 |    1758 |    1037 |  37.1 |      22 |       4 |  15.4
       D:10 |    2529 |    4529 |  64.2 |      39 |      38 |  49.4
       D:11 |    6985 |    1657 |  19.2 |      33 |       4 |  10.8
       D:12 |    3946 |    3454 |  46.7 |      29 |      10 |  25.6
       D:13 |   11929 |    7335 |  38.1 |      36 |      13 |  26.5
       D:14 |    7021 |     677 |   8.8 |      30 |       1 |   3.2
       D:15 |   10474 |    8182 |  43.9 |      27 |      17 |  38.6
     Temple |       2 |       0 |   0.0 |       1 |       0 |   0.0
     Lair:1 |    5403 |       0 |   0.0 |      27 |       0 |   0.0
     Lair:2 |    1759 |    2345 |  57.1 |       8 |      15 |  65.2
     Lair:3 |    5829 |    1010 |  14.8 |      25 |       1 |   3.8
     Lair:4 |    4779 |     408 |   7.9 |      22 |       3 |  12.0
     Lair:5 |    5111 |    2359 |  31.6 |      17 |       2 |  10.5
     Lair:6 |   17311 |   13597 |  44.0 |      53 |      34 |  39.1
   Shoals:1 |   18012 |    3335 |  15.6 |      34 |       7 |  17.1
   Shoals:2 |   17191 |       0 |   0.0 |      32 |       0 |   0.0
   Shoals:3 |   17823 |    3689 |  17.1 |      36 |       4 |  10.0
   Shoals:4 |   14065 |   17668 |  55.7 |      29 |      28 |  49.1
    Snake:1 |    7994 |       0 |   0.0 |      18 |       0 |   0.0
    Snake:2 |   15196 |   10065 |  39.8 |      23 |       6 |  20.7
    Snake:3 |   25448 |    9032 |  26.2 |      46 |      15 |  24.6
    Snake:4 |   20596 |   21423 |  51.0 |      50 |      34 |  40.5
      Orc:1 |     647 |       0 |   0.0 |       9 |       0 |   0.0
      Orc:2 |    2632 |   13484 |  83.7 |      12 |      66 |  84.6
   Vaults:1 |     991 |     442 |  30.8 |       1 |       1 |  50.0
      Sewer |       0 |     590 | 100.0 |       0 |      28 | 100.0
      IceCv |       0 |   12753 | 100.0 |       0 |      51 | 100.0
    Volcano |       0 |    4826 | 100.0 |       0 |      16 | 100.0
            +---------+---------+-------+---------+---------+-------
